Map: Triton LE

Players

Yála

  • Race: Terran Terran
  • League: Diamond
  • Spawn Location: 11:00

Mez - Winner!

  • Race: Terran Terran
  • League: Master
  • Spawn Location: 5:00

VOD

Have the link to the VOD?

Description

Time

  • Played on: Aug. 29, 2019, 10:49 p.m.
  • Length: 11:00
Show
View Real Time Build Order
Export as new Build Order

Yála Terran 

Build Orders: 1/1/1, Banshee Rush 

Get SALT Encoding   

  12  0:01  SCV  
  13  0:13  SCV  
  14  0:17  Supply Depot  
  14  0:24  Refinery  
  15  0:28  SCV  
  15  0:40  SCV  
  16  0:45  Barracks  
  16  0:52  SCV  
  16  0:56  Refinery  
  17  1:04  SCV  
  18  1:16  SCV  
  19  1:32  Factory  
  19  1:33  Reaper  
  19  1:35  Orbital Command  
  20  2:01  SCV  
  21  2:05  Reaper  
  22  2:10  Supply Depot  
  22  2:14  SCV  
  23  2:17  Starport  
  23  2:32  SCV, Hellion  
  26  2:43  Barracks Tech Lab  
  26  2:44  SCV  
  27  2:56  SCV  
  28  3:07  Widow Mine  
  28  3:11  Supply Depot  
  28  3:12  Cloaking Field  
  30  3:14  Banshee  
  30  3:17  Barracks Reactor  
  33  3:21  SCV  
  34  3:33  SCV  
  35  3:37  Command Center  
  34  3:50  SCV  
  34  3:51  Factory Tech Lab  
  34  3:59  Banshee  
  37  4:03  SCV  
  38  4:13  Siege Tank  
  41  4:18  SCV  
  40  4:30  Marine x2, SCV  
  43  4:34  Supply Depot  
  40  4:53  Banshee  
  40  4:57  SCV  
  41  5:10  SCV  
  34  5:22  SCV  
  34  5:26  Siege Tank  
  34  5:27  Command Center  
  38  5:35  SCV  
  36  5:36  Banshee  
  39  5:56  Supply Depot  
  39  6:00  SCV  
  39  6:02  Orbital Command  
  40  6:10  Marine x2  
  45  6:11  Siege Tank  
  45  6:12  SCV  
  46  6:24  SCV  
  41  6:37  SCV  
  41  6:38  SCV  
  43  6:42  Orbital Command  
  43  6:43  Marine, Stimpack  
  43  6:44  Viking x2  
  48  6:49  SCV  
  48  6:50  SCV  
  50  6:56  Barracks  
  50  6:58  Barracks  
  50  7:01  Marine, SCV  
  52  7:02  SCV  
  53  7:13  SCV x2  
  53  7:14  SCV  
  56  7:16  Viking  
  56  7:18  Viking  
  60  7:25  SCV x2  
  60  7:26  SCV  
  60  7:28  Marine  
  64  7:34  Engineering Bay  
  64  7:37  SCV x2, Supply Depot  
  66  7:46  Viking, Barracks Tech Lab  
  66  7:47  Barracks Reactor  
  66  7:48  Viking  
  67  7:56  Marine, Siege Tank  
  67  7:57  SCV x2  
  73  7:59  Refinery  
  73  8:01  Refinery, Terran Infantry Weapons Level 1  
  73  8:04  Combat Shield  
  73  8:07  SCV  
  73  8:09  Marine, SCV  
  73  8:10  SCV  
  77  8:14  Marine  
  78  8:22  SCV x2  
  78  8:26  Marine x2  
  82  8:27  Marine  
  82  8:31  Marine  
  84  8:36  Supply Depot  
  84  8:37  Supply Depot x2  
  84  8:43  Medivac  
  84  8:45  Marine  
  85  8:55  Orbital Command  
  85  8:58  Medivac  
  72  9:15  Marine x2  
  62  9:32  Marine x2  
  63  9:46  Barracks  
  63  9:48  Barracks  
  63  9:50  Marine  
  64  9:58  Siege Tank, Barracks  
  67  10:00  SCV x3  
  67  10:04  Viking x2  
  74  10:08  Marine, Barracks Reactor  
  74  10:12  SCV x3  
  77  10:24  SCV x3  
  77  10:26  Marine  
  69  10:36  SCV x3  
  68  10:48  SCV x3  
Show
View Real Time Build Order
Export as new Build Order

Mez Terran - Winner!

Build Orders: Gas First Reaper Expand, Hellion Opening 

Get SALT Encoding   

  12  0:00  SCV  
  13  0:13  SCV  
  14  0:17  Supply Depot  
  14  0:25  SCV  
  14  0:27  Refinery  
  15  0:39  SCV  
  16  0:45  Barracks  
  16  0:51  SCV  
  17  1:03  SCV  
  18  1:15  SCV  
  19  1:32  Orbital Command, Reaper  
  20  1:47  Command Center  
  20  2:01  SCV, Factory  
  21  2:07  Barracks Reactor  
  21  2:13  SCV  
  21  2:16  Supply Depot  
  21  2:25  SCV  
  21  2:26  Refinery  
  22  2:37  SCV  
  23  2:49  Starport  
  23  2:51  Hellion  
  23  2:52  Hellion, Barracks Tech Lab  
  23  2:54  SCV  
  28  3:02  Orbital Command  
  28  3:11  Marauder  
  32  3:20  Hellion x2  
  32  3:23  Concussive Shells  
  34  3:30  Medivac  
  38  3:34  Marauder  
  36  3:49  SCV  
  36  3:50  SCV  
  36  3:51  Hellion x2  
  42  3:56  Supply Depot  
  42  3:58  Marine  
  42  4:02  SCV x2  
  45  4:14  SCV  
  46  4:18  SCV, Viking  
  46  4:21  Factory Tech Lab  
  49  4:26  SCV, Supply Depot  
  49  4:30  SCV  
  51  4:38  SCV  
  51  4:42  SCV  
  51  4:43  Engineering Bay  
  48  4:52  Marine  
  42  4:53  Cyclone  
  42  4:54  SCV x2  
  42  5:06  SCV x2  
  38  5:12  Raven  
  32  5:23  SCV x2  
  31  5:31  Missile Turret x2  
  31  5:35  SCV x2  
  33  5:45  Cyclone  
  33  5:47  SCV x2  
  38  5:59  SCV x2  
  38  6:01  Raven  
  38  6:03  Marine x2  
  44  6:08  Supply Depot  
  45  6:11  SCV x2  
  45  6:31  Marine x2, Siege Tank  
  45  6:32  SCV x2  
  52  6:40  Command Center  
  52  6:44  SCV x2  
  54  6:51  Marine x2  
  54  6:53  Raven  
  58  6:56  SCV x2  
  59  7:08  SCV x2, Supply Depot  
  61  7:18  Marine x2  
  61  7:20  SCV  
  64  7:26  SCV  
  65  7:30  Refinery  
  65  7:31  Barracks  
  65  7:32  SCV, Barracks  
  65  7:33  Refinery  
  66  7:42  SCV, Terran Infantry Weapons Level 1  
  67  7:44  SCV  
  67  7:46  Siege Tank  
  71  7:54  SCV  
  71  7:57  SCV  
  73  7:59  Marine  
  73  8:01  Stimpack  
  74  8:06  SCV  
  74  8:09  SCV  
  76  8:17  Viking x2  
  76  8:18  SCV  
  81  8:21  SCV  
  81  8:23  Orbital Command  
  81  8:26  Barracks Reactor x2  
  82  8:28  Barracks, Supply Depot  
  82  8:29  Barracks  
  82  8:30  SCV  
  82  8:33  SCV  
  84  8:42  SCV  
  85  8:51  Marine  
  85  8:52  Siege Tank  
  85  8:53  Viking x2  
  93  9:00  SCV x2  
  95  9:08  Marine  
  84  9:15  Marine x4  
  86  9:18  Barracks Reactor  
  86  9:19  SCV x2, Barracks Reactor  
  86  9:22  SCV  
  86  9:23  Refinery  
  86  9:25  Refinery  
  86  9:26  Marine  
  86  9:31  SCV  
  89  9:32  SCV  
  89  9:33  Marine  
  89  9:34  SCV  
  92  9:39  Siege Tank  
  92  9:40  Supply Depot  
  92  9:42  Medivac x2  
  93  9:49  SCV x3  
  96  9:55  Marine x5  
  96  9:56  Marine x3  
  101  10:01  Marine  
  101  10:02  SCV x2  
  104  10:10  Missile Turret  
  104  10:11  Missile Turret  
  104  10:13  Marine x4  
  108  10:14  Missile Turret  
  108  10:15  Supply Depot  
  108  10:17  Supply Depot x2  
  108  10:18  Missile Turret x2  
  108  10:23  SCV  
  109  10:30  Marine, SCV  
  109  10:31  Marine  
  109  10:33  Marine, SCV  
  109  10:34  Marine  
  109  10:37  Marine x4  
  109  10:38  Marine  
  109  10:39  SCV  
Tags
 
Add a new tag
Caveats
  • Supply blocks, unpowered buildings, or Contaminate may cause inaccurate times.
  • Supply counts are checked every 10 seconds.